Map: Prion Terraces

Players

hydra - Winner!

  • Race: Zerg Zerg
  • League: Platinum

AcerBly (Bly)

  • Race: Zerg Zerg
  • League: Master

Event: DreamHack ZOWIE Open Leipzig

VOD

Have the link to the VOD?

Description

Time

  • Played on: Jan. 23, 2016, 12:10 p.m.
  • Length: 7:10

All games in this series

Show
View Real Time Build Order
Export as new Build Order

hydra Zerg - Winner!

Build Orders: Pool First, Roach Zergling 

Get SALT Encoding   

  12  0:00  Drone  
  13  0:12  Overlord  
  13  0:17  Drone  
  14  0:30  Drone x2  
  14  0:34  Drone  
  17  0:45  Spawning Pool  
  17  0:47  Drone  
  17  0:49  Extractor  
  16  0:55  Drone  
  17  1:07  Drone  
  18  1:18  Hatchery  
  17  1:31  Queen  
  17  1:32  Zergling x2  
  20  1:35  Drone  
  21  1:42  Overlord  
  21  1:50  Drone  
  21  1:52  Metabolic Boost  
  22  2:01  Drone  
  22  2:06  Queen  
  25  2:16  Roach Warren  
  23  2:33  Overlord  
  23  2:35  Zergling x2  
  23  2:36  Zergling x2  
  25  2:38  Spine Crawler  
  25  2:40  Zergling x2  
  25  2:57  Roach  
  25  2:58  Roach x2  
  31  3:09  Roach x2  
  31  3:10  Roach  
  37  3:18  Extractor  
  33  3:21  Roach  
  35  3:28  Drone  
  35  3:30  Drone  
  35  3:36  Drone  
  35  3:38  Drone  
  35  3:39  Drone  
  36  3:44  Overlord  
  34  3:58  Drone  
  35  4:06  Roach x2  
  35  4:08  Drone  
  40  4:12  Drone  
  41  4:31  Overlord  
  41  4:32  Hatchery  
  41  4:37  Roach  
  42  4:41  Roach  
  44  4:45  Overlord  
  44  4:52  Ravager x4  
  48  4:56  Roach  
  50  5:01  Roach  
  52  5:07  Roach  
  52  5:13  Overlord  
  54  5:19  Roach  
  54  5:20  Roach  
  58  5:29  Roach  
  58  5:32  Roach  
  62  5:41  Roach  
  63  5:45  Roach  
  65  5:50  Ravager x2  
  65  5:56  Roach  
  69  6:00  Roach  
  71  6:08  Roach  
  71  6:11  Roach  
  75  6:21  Overlord  
  75  6:42  Roach  
  75  6:43  Roach x3  
  80  6:48  Roach x2  
  80  6:51  Roach  
Show
View Real Time Build Order
Export as new Build Order

AcerBly Zerg 

Build Orders: 14 gas / 14 pool, Pool First, Zergling Baneling 

Get SALT Encoding   

  12  0:00  Drone  
  13  0:08  Drone  
  14  0:15  Extractor  
  13  0:27  Spawning Pool  
  12  0:32  Drone  
  13  0:41  Drone  
  14  0:45  Extractor  
  14  0:46  Drone  
  15  0:53  Overlord  
  15  1:14  Queen  
  15  1:15  Metabolic Boost  
  17  1:20  Zergling x2  
  17  1:24  Zergling x2  
  19  1:28  Zergling x2  
  20  1:37  Baneling Nest  
  19  1:41  Zergling x2  
  19  1:45  Zergling x2  
  21  1:54  Overlord  
  21  2:05  Zergling x2  
  22  2:16  Zergling x2  
  23  2:24  Baneling x2  
  23  2:25  Zergling x6, Baneling  
  26  2:33  Baneling  
  26  2:36  Zergling x2  
  27  2:40  Zergling x2  
  27  2:41  Baneling  
  28  2:51  Zergling x2  
  28  2:57  Baneling  
  28  3:00  Drone  
  28  3:03  Overlord  
  29  3:24  Drone x3  
  31  3:38  Hatchery  
  31  3:41  Drone x2  
  32  3:58  Evolution Chamber  
  32  4:01  Overlord  
  31  4:03  Drone  
  31  4:05  Zergling x2  
  31  4:06  Zergling x4  
  35  4:17  Queen  
  36  4:52  Drone x7  
  42  5:05  Drone x2  
  44  5:11  Overlord  
  44  5:19  Baneling x3  
  44  5:20  Baneling  
  43  5:21  Overlord x2  
  43  5:26  Roach Warren  
  38  5:44  Drone  
  38  5:45  Drone x6  
  45  5:50  Overlord  
  45  5:54  Burrow  
  45  5:56  Extractor  
  44  6:07  Roach x3  
  44  6:08  Roach x2  
  53  6:16  Roach x2  
  57  6:26  Roach x4  
  57  6:28  Overlord x2  
  61  6:45  Roach x4  

Tags
 
Add a new tag
Caveats
  • Supply blocks, unpowered buildings, or Contaminate may cause inaccurate times.
  • Supply counts are checked every 10 seconds.